 Dungeon Crawl Stone Soup version 0.19-a0-459-gb8ed64d (webtiles) character file.

338 mistymad the Sneak (level 6, -7/44 HPs)
             Began as a Vampire Enchanter on June 3, 2016.
             Was an Initiate of Ashenzari.
             Mangled by an ogre
             ... wielding a +0 giant spiked club
              (21 damage)
             ... on level 4 of the Dungeon.
             The game lasted 00:07:53 (3268 turns).

mistymad the Sneak (Vampire Enchanter)              Turns: 3268, Time: 00:07:53

Health: -7/44      AC:  5    Str:  7    XL:     6   Next: 29%
Magic:  5/10       EV: 14    Int: 18    God:    Ashenzari [......]
Gold:   108        SH:  0    Dex: 16    Spells: 3 memorised, 5 levels left

rFire  . . .     SeeInvis +     a - +1 dagger
rCold  . . .     Gourm    .     b - +1 robe
rNeg   + . .     Faith    .     (no shield)
rPois  .         Spirit   .     n - +1 helmet
rElec  .         Dismiss  .     (no cloak)
rCorr  .         Reflect  .     (no gloves)
SustAt .         Harm     .     (no boots)
MR     .....                    (no amulet)
Stlth  ++++......               (no ring)
                                (no ring)

@: not resistant to hostile enchantments, stealthy
A: fangs 3, see invisible, unbreathing
a: Bat Form, Curse Item, Renounce Religion


You were on level 4 of the Dungeon.
You worshipped Ashenzari.
Ashenzari was noncommittal.
You were not thirsty.

You visited 1 branch of the dungeon, and saw 4 of its levels.

You collected 108 gold pieces.

Inventory:

Hand Weapons
 a - a +1 dagger (weapon)
Armour
 b - a +1 robe (worn)
 n - a +1 helmet (worn)
Scrolls
 f - a scroll of enchant weapon {unknown}
 g - a scroll of blinking {unknown}
 i - a scroll of fear {unknown}
 o - 2 scrolls of identify {unknown}
 p - a scroll of immolation {unknown}
 q - a scroll of remove curse
Potions
 d - 9 potions of blood
 e - a potion of heal wounds
 h - a potion of lignification {unknown}
 j - a potion of cancellation {unknown}
 k - a potion of curing {unknown}
 l - 3 potions of agility {unknown}
 m - a potion of berserk rage {unknown}
Books
 c - a book of Maledictions

   Spells                             Type                      Level
   a - Corona                         Hexes                        1
   b - Ensorcelled Hibernation        Hexes/Ice                    2
   c - Confuse                        Hexes                        3
   d - Tukima's Dance                 Hexes                        3
   e - Dazzling Spray                 Conjuration/Hexes            3


   Skills:
 + Level 2.1 Fighting
 + Level 2.9 Short Blades
 + Level 3.4 Dodging
 + Level 6.0 Stealth
 + Level 3.1 Spellcasting
 + Level 5.9 Hexes


You had 5 spell levels left.
You knew the following spells:

 Your Spells              Type           Power        Failure   Level  Hunger
a - Corona                Hex            ###....      1%          1    None
b - Ensorcelled Hibernat  Hex/Ice        ##....       10%         2    ##.....
c - Confuse               Hex            ###.....     4%          3    ###....


Dungeon Overview and Level Annotations

Branches:
Dungeon (4/15)
 Temple: D:4-7

Altars:
Ashenzari
Uskayaw
Xom

Annotations:
D:2 Sigmund


Innate Abilities, Weirdness & Mutations

You have razor-sharp teeth.
You have supernaturally acute eyesight. (SInv)
You can survive without breathing.


Message History

Aim: an ogre, wielding a giant spiked club (chance to defeat MR: 53%)
The ogre appears confused.
The ogre howls, "My nostrils!"
You now have 4/10 mp.
Found 22 stones.
The ogre barely misses you.
You hit the ogre but do no damage. You completely miss the ogre.
You bite the ogre, but do no damage.
The ogre hits you with a giant spiked club!!
Ouch! That really hurt!
You take 30 damage, and have 14/44 hp.
MASSIVE DAMAGE!!
You hit the ogre.
The ogre is lightly wounded.
You catch the helpless ogre completely off-guard!
You puncture the ogre!
The ogre is severely wounded.
You barely miss the ogre. You bite the ogre, but do no damage.
The ogre is heavily wounded.
The ogre hits you with a giant spiked club!!
You die...

##.........###
.............###
......=........##
................##
...............(.#
.................##
..................#
..................#
................@.#
................O.#
..................#
#..†.............##
##............<...#
##...............#
##........###...#
#####.######..##
##.# #...#


You could see an ogre (confused).

Vanquished Creatures
  The ghost of tstbtto the Chopper, an amateur NaGl (D:3)
  Ijyb (D:3)
  Natasha (twice) (D:3)
  An orc wizard (D:3)
  An adder (D:3)
  An ooze (D:2)
  A worm (D:3)
  A dart slug (D:4)
  A giant gecko (D:3)
  8 orcs (D:3)
  4 bats
  3 giant cockroaches
  9 goblins
  9 hobgoblins
  2 jackals (D:3)
  3 quokkas
  5 giant newts
  8 kobolds
  A quokka skeleton (D:4)
  4 rats
66 creatures vanquished.

Vanquished Creatures (others)
  6 plants (D:3)
6 creatures vanquished.

Grand Total: 72 creatures vanquished

Notes
Turn   | Place    | Note
--------------------------------------------------------------
     0 | D:1      | mistymad the Vampire Enchanter began the quest for the Orb.
     0 | D:1      | Reached XP level 1. HP: 13/13 MP: 3/3
   263 | D:1      | Reached XP level 2. HP: 13/19 MP: 5/5
  1336 | D:2      | Found a shimmering altar of Xom.
  1356 | D:2      | Reached XP level 3. HP: 22/25 MP: 6/6
  1384 | D:2      | Found a shattered altar of Ashenzari.
  1508 | D:2      | Reached skill level 1 in Fighting
  1715 | D:2      | Noticed Sigmund
  1718 | D:2      | Became a worshipper of Ashenzari the Shackled
  1722 | D:2      | Learned a level 2 spell: Ensorcelled Hibernation
  1726 | D:2      | Learned a level 3 spell: Confuse
  1757 | D:2      | Found a hide-covered altar of Uskayaw.
  1934 | D:3      | Reached skill level 5 in Hexes
  2001 | D:3      | Reached skill level 5 in Stealth
  2014 | D:3      | Reached XP level 4. HP: 29/32 MP: 3/7
  2453 | D:3      | Noticed tstbtto's ghost (amateur NaGl)
  2474 | D:3      | Killed tstbtto's ghost
  2474 | D:3      | Reached XP level 5. HP: 29/38 MP: 2/9
  2654 | D:3      | Noticed Natasha
  2660 | D:3      | Killed Natasha
  2660 | D:3      | Reached XP level 6. HP: 44/44 MP: 10/10
  2812 | D:3      | Noticed Natasha
  2887 | D:3      | Noticed Ijyb
  2914 | D:3      | Killed Ijyb
  2995 | D:3      | Killed Natasha
  2995 | D:3      | Reached skill level 6 in Stealth
  3268 | D:4      | Mangled by an ogre

Vault maps used:
D:1:      roderic_dead_forest
D:2:      lemuel_doored_altar, marbit_many_paths, xom_teletrap_fun,
          nicolae_tso_swordbearing_angel, nicolae_ashenzari_panopticon,
          uniq_sigmund
D:3:      minmay_lizard_king, uniq_natasha, uniq_iyjb
D:4:      kennysheep_little_box, led_sif_book, grunt_qazlal_clouds, serial_park,
          serial_park_avenue1, serial_park_tiny_1, serial_shops, shop,
          st_stairs_4

Skill      XL: |  1  2  3  4  5  6 |
---------------+-------------------+-----
Fighting       | 1 2 |  2.1
Hexes          | 5 |  5.9
Stealth        | 5 6 |  6.0
Short Blades   | 2 |  2.9
Dodging        | 3 |  3.4
Spellcasting   | 3 |  3.1

Action                   |  1- 3 |  4- 6 || total
-------------------------+-------+-------++-------
Melee: Dagger            |   162 |   156 ||   318
       Bite              |    16 |    12 ||    28
 Cast: Corona            |     6 |       ||     6
       Ensorcelled Hiber |     5 |     7 ||    12
       Confuse           |       |     6 ||     6
  Use: Potion            |     2 |     5 ||     7
 Stab: Sleeping          |    15 |     8 ||    23
       Confused          |       |     7 ||     7
       Distracted        |       |     1 ||     1
Armor: Robe              |    29 |    15 ||    44
Dodge: Dodged            |   120 |    53 ||   173
